 Dungeon Crawl Stone Soup version 0.31-a0-214-gb37851d (webtiles) character file.

Game seed: 2330900434437403487

163 lyrin the Ducker (level 5, -1/39 HPs)
             Began as a Djinni Gladiator on July 1, 2023.
             Slain by an orc priest
             ... wielding a +0 dagger
              (2 damage)
             ... on level 4 of the Dungeon.
             The game lasted 00:05:09 (3152 turns).

lyrin the Ducker (Djinni Gladiator)                 Turns: 3152, Time: 00:05:10

Health: -1/39      AC:  4    Str: 13    XL:     5   Next: 72%
Gold:   189        EV: 13    Int: 11    God:
                   SH:  0    Dex: 15

rFire   + + .        p - staff of earth
rCold   x . .        (no shield)
rNeg    . . .        b - +0 leather armour
rPois   ∞            c - +0 helmet
rElec   .            (no cloak)
rCorr   .            (no gloves)
SInv    .            (boots unavailable)
Will    .....        (no amulet)
Stlth   +            (no ring)
HPRegen 0.26/turn    (no ring)
MPRegen 0.00/turn

%: infuse magic (-2 HP)
@: flying, very slightly contaminated
A: sickness immunity, fire resistance 2, cold vulnerability 1, float, innate
caster, HP casting, extra vitality 1
a: no special abilities


You were on level 4 of the Dungeon.
You visited 1 branch of the dungeon, and saw 4 of its levels.

You collected 189 gold pieces.

Inventory:

Hand Weapons
 a - a +0 long sword
 k - a +2 dagger of venom
Missiles
 d - 3 throwing nets (quivered)
 e - a javelin
 i - 6 poisoned darts
Armour
 b - a +0 leather armour (worn)
 c - a +0 helmet (worn)
Magical Staves
 p - a staff of earth (weapon)
Scrolls
 f - 2 scrolls of poison {unknown}
 g - a scroll of enchant armour {unknown}
 h - 4 scrolls of identify {unknown}
 j - a scroll of torment {unknown}
 l - a scroll of fog {unknown}
 m - a scroll of amnesia {unknown}
 n - a scroll of brand weapon {unknown}
 o - a scroll of enchant weapon {unknown}
 q - a scroll of summoning {unknown}
 r - 3 scrolls of immolation {unknown}
 v - a scroll of teleportation {unknown}
 x - a scroll of fear {unknown}
Potions
 s - a potion of invisibility {unknown}
 t - a potion of berserk rage {unknown}
 u - 2 potions of might {unknown}
 w - a potion of lignification {unknown}


   Skills:
 + Level 2.5 Fighting
 - Level 0.1(2.0) Short Blades
 - Level 3.3 Long Blades
 + Level 0.2 Staves
 - Level 1.5 Throwing
 + Level 1.4 Armour
 + Level 4.0 Dodging
 * Level 2.0 Spellcasting
 * Level 2.0 Conjurations
 * Level 2.0 Hexes
 * Level 2.0 Summonings
 * Level 2.0 Necromancy
 * Level 2.0 Translocations
 * Level 2.0 Transmutations
 * Level 2.0 Fire Magic
 * Level 2.0 Ice Magic
 * Level 2.0 Air Magic
 * Level 2.0 Earth Magic
 * Level 2.0 Poison Magic


You knew the following spells:

 Your Spells              Type           Power      Damage    Failure   Level
a - Sandblast             Erth           16%        2d6       16%         1
b - Lesser Beckoning      Tloc           10%        N/A       24%         2
Your spell library was empty.

Dungeon Overview and Level Annotations

Branches:
Dungeon (4/15)
 Temple: D:4-7

Altars:
Fedhas

Shops:
D:2 *   D:3 [

Annotations:
D:2 1 runed translucent door, Crazy Yiuf


Innate Abilities, Weirdness & Mutations

You are immune to sickness and miasma.
You are immune to poison.
Your flesh is very heat resistant. (rF++)
You are vulnerable to cold. (rC-)
You float through the air rather than walking.
You learn spells naturally, not from books.
Your magical power is your life essence.
You have superior vitality. (+4 MHP)


Message History

Aiming: Sandblast (safe; 16% risk of failure)
Press: ? - help, Shift-Dir - straight line, f/p - orc priest
Aim: an orc priest, wielding a +0 dagger and wearing a +0 leather armour (heavily wounded, 81% to hit)
You feel a surge of power!
The blast of sand hits the orc priest but does no damage.
The orc priest is heavily wounded.
The orc priest misses you.
The orc priest invokes the aid of Beogh against you.
Beogh smites you!
Casting: Sandblast (safe; 16% risk of failure)
Confirm with . or Enter, or press ? or * to list all spells.
Aiming: Sandblast (safe; 16% risk of failure)
Press: ? - help, Shift-Dir - straight line, f/p - orc priest
Aim: an orc priest, wielding a +0 dagger and wearing a +0 leather armour (heavily wounded, 81% to hit)
You feel a surge of power!
You miscast Sandblast.
You are very lightly contaminated with residual magic.
Nothing appears to happen.
The orc priest calls down the wrath of Beogh upon you.
Beogh smites you!
* * * LOW HITPOINT WARNING * * *
You hear a shout!
Casting: Sandblast (safe; 16% risk of failure)
Confirm with . or Enter, or press ? or * to list all spells.
Aiming: Sandblast (safe; 16% risk of failure)
Press: ? - help, Shift-Dir - straight line, f/p - orc priest
Aim: an orc priest, wielding a +0 dagger and wearing a +0 leather armour (heavily wounded, 81% to hit)
You feel a surge of power!
The blast of sand hits the orc priest.
The orc priest is heavily wounded.
* * * LOW HITPOINT WARNING * * *
The orc priest barely misses you.
Okay, then.
Casting: Sandblast (safe; 16% risk of failure)
Confirm with . or Enter, or press ? or * to list all spells.
Aiming: Sandblast (safe; 16% risk of failure)
Press: ? - help, Shift-Dir - straight line, f/p - orc priest
Aim: an orc priest, wielding a +0 dagger and wearing a +0 leather armour (heavily wounded, 81% to hit)
You feel a surge of power!
You miscast Sandblast.
Nothing appears to happen.
* * * LOW HITPOINT WARNING * * *
The orc priest hits you with a +0 dagger.
You die...

#
####.#...
#....oo.#
#o# #@#
#.# ###


You could see an orc priest.

Vanquished Creatures
  An orc priest (D:3)
  Robin (D:3)
  4 adders (D:2)
  2 worms (D:2)
  2 dart slugs (D:1)
  An orc (D:4)
  3 ball pythons
  4 bats
  6 endoplasms
  5 giant cockroaches
  8 goblins
  11 hobgoblins
  4 jackals (D:2)
  9 kobolds
  A quokka (D:2)
  3 frilled lizards (D:2)
  8 rats
73 creatures vanquished.

Notes
Turn   | Place    | Note
-------+----------+-------------------------------------------
     0 | D:1      | lyrin the Djinni Gladiator began the quest for the Orb.
     0 | D:1      | Reached XP level 1. HP: 18/18 MP: 0/0
    36 | D:1      | Reached XP level 2. HP: 21/23 MP: 0/0
   343 | D:1      | Reached XP level 3. HP: 28/28 MP: 0/0
   343 | D:1      | Learned a level 1 spell: Sandblast
   838 | D:2      | Reached XP level 4. HP: 33/34 MP: 0/0
  1123 | D:2      | Found Juca's General Store.
  1397 | D:2      | Reached skill level 1 in Spellcasting
  1397 | D:2      | Reached skill level 1 in Conjurations
  1397 | D:2      | Reached skill level 1 in Hexes
  1397 | D:2      | Reached skill level 1 in Summonings
  1397 | D:2      | Reached skill level 1 in Necromancy
  1397 | D:2      | Reached skill level 1 in Translocations
  1397 | D:2      | Reached skill level 1 in Transmutations
  1397 | D:2      | Reached skill level 1 in Fire Magic
  1397 | D:2      | Reached skill level 1 in Ice Magic
  1397 | D:2      | Reached skill level 1 in Air Magic
  1397 | D:2      | Reached skill level 1 in Earth Magic
  1397 | D:2      | Reached skill level 1 in Poison Magic
  1520 | D:2      | Reached skill level 1 in Armour
  1526 | D:2      | Reached skill level 4 in Dodging
  1654 | D:2      | Found a blossoming altar of Fedhas.
  1707 | D:2      | Reached XP level 5. HP: 33/39 MP: 0/0
  1707 | D:2      | Learned a level 2 spell: Lesser Beckoning
  1763 | D:2      | Found a runed translucent door.
  1764 | D:2      | Noticed Crazy Yiuf
  2421 | D:3      | Noticed Robin
  2441 | D:3      | Killed Robin
  2607 | D:3      | Found Esaana Deti's Antique Armour Shoppe.
  3152 | D:4      | Slain by an orc priest

Illustrated notes

Levels and vault maps discovered:
D:1:      moated_graveyard_arrival, layout_rooms, item_on_display_a
D:2:      kennysheep_six_static_rooms, layout_loops_ring, serial_shops,
          nicolae_shop_tiny_statue_garden, basic_altar, dreamdust_wishing_well,
          solitary_fountain, wander_ebering_terrifying_dragon_lair,
          uniq_crazy_yiuf_cottage
D:3:      layout_loops_cross, serial_shops, nicolae_shop_crystal,
          nicolae_titane, uniq_robin
D:4:      layout_basic, eat_drink_and_be_merry_uskayaw, enter_ossuary_1,
          uniq_natasha

Skill      XL: |  1  2  3  4  5 |
---------------+----------------+-----
Long Blades    | 3 |  3.3
Spellcasting   | 1 2 |  2.0
Conjurations   | 1 2 |  2.0
Hexes          | 1 2 |  2.0
Summonings     | 1 2 |  2.0
Necromancy     | 1 2 |  2.0
Translocations | 1 2 |  2.0
Transmutations | 1 2 |  2.0
Fire Magic     | 1 2 |  2.0
Ice Magic      | 1 2 |  2.0
Air Magic      | 1 2 |  2.0
Earth Magic    | 1 2 |  2.0
Poison Magic   | 1 2 |  2.0
Armour         | 1 |  1.4
Dodging        | 4 |  4.0
Fighting       | |  2.5
Short Blades   | |  0.1
Staves         | |  0.2
Throwing       | |  1.5

Action                     |  1- 3 |  4- 6 || total
---------------------------+-------+-------++-------
  Melee: Long sword        |    40 |       ||    40
         Punch             |     1 |       ||     1
         Dagger            |    23 |    11 ||    34
         Staff             |     4 |    19 ||    23
   Cast: Sandblast         |     9 |    97 ||   106
   Stab: Sleeping          |     1 |       ||     1
 Armour: Leather armour    |    35 |    38 ||    73
  Dodge: Dodged            |    65 |   109 ||   174

Table legend: (Time is in decaauts)
 A = Elapsed time spent in this place.
 B = Non-inter-level travel time spent in this place.
 C = Inter-level travel time spent in this place.
 D = Time resting spent in this place.
 E = Time spent auto-exploring this place.
 F = Levels seen in this place.
 G = Mean time per level.
                   A        B        C        D        E       F      G
               +--------+--------+--------+--------+--------+-----+--------+
         Total |   3213 |   3149 |     64 |    410 |   2069 |   4 |  803.2 |
       Dungeon |   3213 |   3149 |     64 |    410 |   2069 |   4 |  803.2 |
               +--------+--------+--------+--------+--------+-----+--------+

Top non-repeatable levels by time:
     D:2: 1764 daAuts
     D:3: 883 daAuts
     D:1: 546 daAuts
     D:4: 19 daAuts
